 Dungeon Sprint DCSS version 0.29-a0-297-g7659ce593d (webtiles) character file.

Game seed: 424541123674473725

9000000 namelastname112 the Conqueror (level 27, -62/215 (249) HPs)
             Began as a Demonspawn Monk on Mar 20, 2022.
             Was the Champion of Makhleb.
             Killed from afar by a wretched soul (98 damage)
             ... with a bolt of negative energy
             ... in the Dungeon (Sprint VIII: "Arena of Blood").
             The game lasted 00:03:24 (90 turns).

namelastname112 the Conqueror (Demonspawn Monk)       Turns: 90, Time: 00:03:25

HP:   -62/215 (249) AC:  4    Str: 12    XL:     27
MP:   54/54         EV: 55    Int: 11    God:    Makhleb [******]
Gold: 0             SH:  0    Dex: 36    Spells: 80/80 levels left

rFire   . . .      SeeInvis .   j - +∞ Axe of Woe
rCold   . . .      Faith    .   (shield currently unavailable)
rNeg    . . .      Spirit   .   b - +0 robe
rPois   .          Reflect  .   (no helmet)
rElec   .          Harm     .   (no cloak)
rCorr   .          Rampage  .   (gloves unavailable)
Will    ++...      NoTele   +   (no boots) Stlth ****++++++
                                (no amulet)
HPRegen 0.45/turn               (no ring)
MPRegen 0.34/turn               (no ring)

@: mighty, agile, heavily drained
A: thin skeletal structure 3, ignite blood 3, powered by pain 3, black mark,
bedeviling, aura of silence, demonic touch 3
a: Renounce Religion, Minor Destruction, Lesser Servant of Makhleb, Major
Destruction, Greater Servant of Makhleb


You were in the Dungeon.
You worshipped Makhleb.
Makhleb was exalted by your worship.
You visited 1 branch

Inventory:

Hand Weapons
 a - a +0 hand axe
 j - the +∞ Axe of Woe (weapon)
   (You found it in the Dungeon)
Armour
 b - a +0 robe (worn)
Scrolls
 i - a scroll of blinking
Potions
 c - a potion of ambrosia
 d - a potion of curing
 e - a potion of heal wounds
 f - a potion of haste
 g - 2 potions of magic
 h - a potion of berserk rage


   Skills:
 O Level 27 Fighting
 + Level 26.7(27) Short Blades
 + Level 25.0(27) Long Blades
 O Level 27 Axes
 + Level 25.0(27) Maces & Flails
 + Level 25.0(27) Polearms
 + Level 25.0(27) Staves
 + Level 26.6(27) Slings
 + Level 26.6 Bows
 + Level 26.6 Crossbows
 + Level 26.6(27) Throwing
 + Level 26.8 Armour
 O Level 27 Dodging
 O Level 27 Stealth
 + Level 26.6 Shields
 + Level 26.7 Unarmed Combat
 O Level 27 Spellcasting
 O Level 27 Conjurations
 O Level 27 Hexes
 O Level 27 Summonings
 O Level 27 Necromancy
 + Level 26.7 Translocations
 + Level 26.7 Transmutations
 + Level 26.9 Fire Magic
 O Level 27 Ice Magic
 + Level 26.9 Air Magic
 O Level 27 Earth Magic
 O Level 27 Poison Magic
 O Level 27 Invocations
 O Level 27 Evocations


You had 80 spell levels left.
You didn't know any spells.
Your spell library was empty.

Dungeon Overview and Level Annotations

Branches:
Dungeon (1/1)

Altars:
Makhleb


Innate Abilities, Weirdness & Mutations

You have an unnaturally thin skeletal structure. (Dex +6, Stealth+++)
Your demonic aura causes all spilled blood to erupt in flames.
You are powered by pain.
Your melee attacks may debilitate your foes.
Your hexes are more powerful.
You are surrounded by an aura of silence.
Your touch may irresistibly damage your foes and sap their willpower.


Message History

You feel a bit more experienced!
The tyrant appears out of thin air!!!
A tyrant comes into view!
The tyrant appears out of thin air!!!
A tyrant comes into view!
An eight-headed meat hydra comes into view!
The dread throws damnation at you!
The sphere of damnation explodes!!!
The damnation engulfs you!!!!!! * * * don't die
* * * You hear a shout!!!
The tyrant shouts!!! x2
Your base Long Blades skill increases to level 25!!!
Your base Maces & Flails skill increases to level 25!!!
Your base Polearms skill increases to level 25!!!
Your base Staves skill increases to level 25!!!
You have mastered Spellcasting!!!
You have mastered Ice Magic!!!
You regained 16 hp, and now have 68/249 hp!
A bag of meat comes into view! It is wielding a +9 war axe!
You hear a shout!!! x2
The meat beast bites you!!!!!! * * * don't die
* * * The meat beast completely misses you!
You hear a shout!!!
The tyrant waves its bony arms in wide circles!
The air twists around and strikes you!!!!!!!!! * * * don't die
* * * You focus on the pain!
You feel your power returning!
You take 62 damage, and have 6/249 hp!
MASSIVE DAMAGE!!!!!!
MP restored: 54 You cut the meat beast into ribbons!!!!!!
You pulverise the meat beast into a thin bloody mist!
You annihilate the meat beast!!!
Makhleb roars: ANNIHILATED!
You feel better!
You hear a shout!!!
A meat berserker comes into view! It is wielding a +9 BATTLEAXE!
You hear a shout!!!
A bolt of negative energy appears from out of thin air!!!
Deactivating autopickup; reactivate with Ctrl-A!
The bolt of negative energy hits you!!!!!!!!!!!!
You feel drained! rip

.. .. ... ..# .##
####... ..... ..
.......
#.....##.##.....o.
...................
.........#.#.......
..............L..##
.........°.@.......
#.......○)°)☼......
.......)○☼○).......
......))W)○).o.....
...#.L){)).#......
#.))))).#......
.###..)))).###.D..
.....O###)........
......)_.........


You could see 2 tyrants, an eight-headed meat hydra, a dread, a meat berserker
(berserk) and 2 bags of meat.

Vanquished Creatures
  5 hell beasts (D)
  7 royal mummies (D)
  A wraith (D)
  Harold (D)
  11 vampire knights (D)
  31 ogres (D)
  4 two-headed ogres (D)
  2 liches (D)
  A hydra (D)
  A phantom (D)
  53 orcs (D)
  6 skeletal warriors (D)
123 creatures vanquished.

Notes
Turn   | Place    | Note
-------+----------+-------------------------------------------
     0 | D        | Found the +∞ Axe of Woe
     0 | D        | namelastname112 the Demonspawn Monk began the quest for the
                  | Orb.
     0 | D        | Reached XP level 1. HP: 18/18 MP: 1/1
     2 | D        | Noticed a bag of meat
     4 | D        | Noticed a meat berserker
     4 | D        | Became a worshipper of Makhleb the Destroyer
     4 | D        | Reached * piety under Makhleb
     4 | D        | Reached ** piety under Makhleb
     5 | D        | Noticed a bag of meat
     5 | D        | Noticed a bag of meat
     6 | D        | Noticed a bag of meat
     6 | D        | Noticed a bag of meat
     8 | D        | Killed a meat berserker
     8 | D        | Noticed a bag of meat
     8 | D        | Noticed a bag of meat
     9 | D        | Reached skill level 15 in Dodging
     9 | D        | Gained mutation: You sometimes gain a little power by
                  | taking damage. [demonic ancestry]
     9 | D        | Reached XP level 2. HP: 47/47 MP: 2/2
     9 | D        | Reached XP level 3. HP: 53/53 MP: 3/3
     9 | D        | Reached XP level 4. HP: 60/60 MP: 4/4
     9 | D        | Gained mutation: You have a somewhat thin skeletal
                  | structure. (Dex +2, Stealth+) [demonic ancestry]
     9 | D        | Reached XP level 5. HP: 67/67 MP: 5/5
     9 | D        | Gained mutation: Your demonic aura sometimes causes spilled
                  | blood to erupt in flames. [demonic ancestry]
     9 | D        | Reached XP level 6. HP: 74/74 MP: 6/6
     9 | D        | Gained mutation: You have a moderately thin skeletal
                  | structure. (Dex +4, Stealth++) [demonic ancestry]
     9 | D        | Reached XP level 7. HP: 80/80 MP: 7/7
     9 | D        | Gained mutation: You sometimes gain power by taking damage.
                  | [demonic ancestry]
     9 | D        | Reached XP level 8. HP: 87/87 MP: 8/8
     9 | D        | Gained mutation: You have an unnaturally thin skeletal
                  | structure. (Dex +6, Stealth+++) [demonic ancestry]
     9 | D        | Reached XP level 9. HP: 94/94 MP: 9/9
     9 | D        | Gained mutation: Your touch may inflict minor irresistible
                  | damage on your foes. [demonic ancestry]
     9 | D        | Reached XP level 10. HP: 101/101 MP: 10/10
     9 | D        | Reached XP level 11. HP: 107/107 MP: 11/11
     9 | D        | Killed a bag of meat
     9 | D        | Noticed a bag of meat
     9 | D        | Noticed a bag of meat
    10 | D        | Gained mutation: Your demonic aura often causes spilled
                  | blood to erupt in flames. [demonic ancestry]
    10 | D        | Reached XP level 12. HP: 117/117 MP: 12/12
    10 | D        | Noticed a meat berserker
    10 | D        | Noticed a bag of meat
    10 | D        | Noticed a bag of meat
    11 | D        | Killed a bag of meat
    11 | D        | Noticed a meat berserker
    12 | D        | Reached XP level 13. HP: 127/127 MP: 13/13
    12 | D        | Killed a bag of meat
    12 | D        | Reached *** piety under Makhleb
    12 | D        | Noticed a meat berserker
    13 | D        | Killed a bag of meat
    13 | D        | Noticed a meat berserker
    13 | D        | Noticed a bag of meat
    14 | D        | Killed a bag of meat
    14 | D        | Killed a bag of meat
    14 | D        | Reached **** piety under Makhleb
    14 | D        | Killed a meat berserker
    14 | D        | Killed a bag of meat
    14 | D        | Noticed a bag of meat
    15 | D        | Gained mutation: Your touch may inflict irresistible damage
                  | on your foes. [demonic ancestry]
    15 | D        | Reached XP level 14. HP: 146/146 MP: 14/14
    15 | D        | Reached XP level 15. HP: 153/153 MP: 15/15
    16 | D        | Killed a meat berserker
    16 | D        | Reached ***** piety under Makhleb
    17 | D        | Reached skill level 10 in Stealth
    18 | D        | Killed a meat berserker
    18 | D        | Noticed a meat berserker
    19 | D        | Reached skill level 27 in Fighting
    19 | D        | Reached skill level 27 in Axes
    19 | D        | Gained mutation: Your touch may irresistibly damage your
                  | foes and sap their willpower. [demonic ancestry]
    19 | D        | Reached XP level 16. HP: 167/167 MP: 16/16
    19 | D        | Killed a meat berserker
    20 | D        | Reached skill level 27 in Dodging
    20 | D        | Reached skill level 15 in Stealth
    22 | D        | Killed a meat berserker
    22 | D        | Noticed a destroyer
    23 | D        | Reached XP level 17. HP: 174/174 MP: 17/17
    23 | D        | Noticed a destroyer
    23 | D        | Noticed a meat berserker
    27 | D        | Noticed a large bag of meat
    27 | D        | Killed a large bag of meat
    27 | D        | Reached ****** piety under Makhleb
    27 | D        | Killed a destroyer
    27 | D        | Killed a destroyer
    27 | D        | Noticed a destroyer
    27 | D        | Noticed a large bag of meat
    28 | D        | Reached skill level 27 in Stealth
    28 | D        | Gained mutation: You are powered by pain. [demonic
                  | ancestry]
    28 | D        | Reached XP level 18. HP: 157/182 MP: 18/18
    28 | D        | Killed a meat berserker
    29 | D        | Reached skill level 5 in Long Blades
    29 | D        | Reached skill level 5 in Maces & Flails
    29 | D        | Reached skill level 5 in Polearms
    29 | D        | Reached skill level 5 in Staves
    29 | D        | Noticed an eight-headed meat hydra
    29 | D        | Noticed a large bag of meat
    30 | D        | Killed a destroyer
    31 | D        | Reached XP level 19. HP: 189/189 MP: 18/30
    31 | D        | Killed a large bag of meat
    31 | D        | Noticed a destroyer
    32 | D        | Reached skill level 10 in Necromancy
    32 | D        | Killed a nine-headed meat hydra
    32 | D        | Noticed a destroyer
    33 | D        | Reached skill level 10 in Conjurations
    33 | D        | Reached skill level 10 in Hexes
    33 | D        | Reached skill level 10 in Summonings
    33 | D        | Reached skill level 10 in Poison Magic
    33 | D        | Reached skill level 10 in Evocations
    33 | D        | Noticed a meat berserker
    33 | D        | Noticed a destroyer
    33 | D        | Noticed a meat berserker
    35 | D        | Reached skill level 10 in Short Blades
    35 | D        | Reached skill level 10 in Slings
    35 | D        | Reached skill level 10 in Bows
    35 | D        | Reached skill level 10 in Crossbows
    35 | D        | Reached skill level 10 in Throwing
    35 | D        | Reached skill level 10 in Armour
    35 | D        | Reached skill level 10 in Shields
    35 | D        | Reached skill level 10 in Unarmed Combat
    35 | D        | Reached skill level 10 in Spellcasting
    35 | D        | Reached skill level 10 in Translocations
    35 | D        | Reached skill level 10 in Transmutations
    35 | D        | Reached skill level 10 in Fire Magic
    35 | D        | Reached skill level 10 in Ice Magic
    35 | D        | Reached skill level 10 in Air Magic
    35 | D        | Reached skill level 10 in Earth Magic
    35 | D        | Reached XP level 20. HP: 197/197 MP: 18/34
    36 | D        | Reached skill level 15 in Invocations
    36 | D        | Killed a destroyer
    37 | D        | Killed a meat berserker
    37 | D        | Killed a destroyer
    37 | D        | Killed a large bag of meat
    37 | D        | Noticed a destroyer
    38 | D        | Reached skill level 15 in Necromancy
    38 | D        | Gained mutation: Your hexes are more powerful. [demonic
                  | ancestry]
    38 | D        | Reached XP level 21. HP: 182/204 MP: 19/37
    38 | D        | Killed a destroyer
    39 | D        | Noticed The Servant
    42 | D        | Gained mutation: Your demonic aura causes all spilled blood
                  | to erupt in flames. [demonic ancestry]
    42 | D        | Reached XP level 22. HP: 212/212 MP: 20/39
    42 | D        | Noticed a destroyer
    42 | D        | Noticed a destroyer
    43 | D        | Reached skill level 15 in Conjurations
    43 | D        | Reached skill level 15 in Hexes
    43 | D        | Reached skill level 15 in Summonings
    43 | D        | Reached skill level 15 in Poison Magic
    43 | D        | Reached skill level 15 in Evocations
    43 | D        | Noticed a destroyer
    44 | D        | Noticed an accursed
    44 | D        | Killed a destroyer
    45 | D        | Noticed a destroyer
    46 | D        | Killed a destroyer
    47 | D        | Reached skill level 15 in Crossbows
    47 | D        | Reached skill level 15 in Shields
    47 | D        | Reached skill level 15 in Unarmed Combat
    47 | D        | Reached skill level 15 in Spellcasting
    47 | D        | Reached skill level 15 in Ice Magic
    47 | D        | Reached skill level 15 in Earth Magic
    48 | D        | Reached skill level 15 in Short Blades
    48 | D        | Reached skill level 15 in Slings
    48 | D        | Reached skill level 15 in Bows
    48 | D        | Reached skill level 15 in Throwing
    48 | D        | Reached skill level 15 in Armour
    48 | D        | Reached skill level 15 in Translocations
    48 | D        | Reached skill level 15 in Transmutations
    48 | D        | Reached skill level 15 in Fire Magic
    48 | D        | Reached skill level 15 in Air Magic
    48 | D        | Killed a destroyer
    48 | D        | Noticed a tyrant
    49 | D        | Reached XP level 23. HP: 219/219 MP: 41/43
    50 | D        | Noticed an accursed
    50 | D        | Noticed an accursed
    50 | D        | Killed The Servant
    52 | D        | Noticed an accursed
    53 | D        | Killed a destroyer
    54 | D        | Reached skill level 15 in Long Blades
    54 | D        | Reached skill level 15 in Maces & Flails
    54 | D        | Reached skill level 15 in Polearms
    54 | D        | Reached skill level 15 in Staves
    54 | D        | Reached XP level 24. HP: 161/227 MP: 42/44
    55 | D        | Killed a tyrant
    56 | D        | Noticed an accursed
    59 | D        | Killed an accursed
    59 | D        | Killed an accursed
    60 | D        | Gained mutation: Your melee attacks may debilitate your
                  | foes. [demonic ancestry]
    60 | D        | Reached XP level 25. HP: 50/234 MP: 45/45
    62 | D        | Killed an accursed
    66 | D        | Reached skill level 27 in Invocations
    66 | D        | Reached XP level 26. HP: 108/242 MP: 46/47
    66 | D        | Noticed a large bag of meat
    68 | D        | Noticed a dread
    68 | D        | Killed a destroyer
    68 | D        | Noticed an accursed
    68 | D        | Noticed a tyrant
    69 | D        | Noticed an accursed
    71 | D        | Gained mutation: You are surrounded by an aura of silence.
                  | [demonic ancestry]
    71 | D        | Reached XP level 27. HP: 233/249 MP: 47/48
    74 | D        | Killed a large bag of meat
    75 | D        | Killed a dread
    77 | D        | Noticed a meat beast
    78 | D        | Noticed a meat beast
    78 | D        | Noticed a meat beast
    79 | D        | Killed an accursed
    80 | D        | Killed an accursed
    80 | D        | Killed a tyrant
    80 | D        | Noticed a dread
    81 | D        | Reached skill level 27 in Necromancy
    81 | D        | Killed an accursed
    82 | D        | Noticed a meat beast
    82 | D        | Killed a meat beast
    83 | D        | Killed a meat beast
    84 | D        | Reached skill level 27 in Poison Magic
    84 | D        | Reached skill level 27 in Evocations
    84 | D        | Killed an accursed
    85 | D        | Reached skill level 27 in Conjurations
    85 | D        | Reached skill level 27 in Hexes
    85 | D        | Reached skill level 27 in Summonings
    85 | D        | Killed a meat beast
    86 | D        | Killed a meat beast
    87 | D        | Reached skill level 27 in Earth Magic
    88 | D        | Noticed a meat beast
    88 | D        | Noticed a tyrant
    88 | D        | Noticed a tyrant
    89 | D        | Reached skill level 27 in Spellcasting
    89 | D        | Reached skill level 27 in Ice Magic
    89 | D        | HP: 6/249 [tyrant/the air (42)]
    90 | D        | Killed a meat beast
    90 | D        | Killed from afar by a wretched soul

Illustrated notes

Levels and vault maps discovered:
D:        meatsprint

Skill      XL: |  1  2  3  4  5  6  7  8  9 10 11 12 13 14 15 16 17 18 19 20 21 22 23 24 25 26 27 |
---------------+----------------------------------------------------------------------------------+-----
Fighting       | 17 18 19 24 27 | 27.0
Axes           | 16 17 18 24 27 | 27.0
Dodging        | 15 16 17 22 25 27 | 27.0
Stealth        | 6 7 9 11 25 27 | 27.0
Short Blades   | 7 10 12 13 16 17 18 20 21 26 | 26.7
Long Blades    | 6 8 11 14 15 16 17 19 25 | 25.0
Maces & Flails | 6 8 11 14 15 16 17 19 25 | 25.0
Polearms       | 6 8 11 12 14 15 16 17 19 25 | 25.0
Staves         | 6 8 11 14 15 16 17 19 25 | 25.0
Slings         | 7 10 12 13 16 17 18 20 21 26 | 26.6
Bows           | 7 10 12 13 16 17 18 20 21 26 | 26.6
Crossbows      | 7 10 12 13 16 17 18 20 21 26 | 26.6
Throwing       | 7 10 12 13 16 17 18 20 21 26 | 26.6
Armour         | 7 10 12 13 16 17 18 20 21 26 | 26.8
Shields        | 7 10 12 13 16 17 18 20 21 26 | 26.6
Unarmed Combat | 7 10 12 13 16 17 19 20 21 26 | 26.7
Spellcasting   | 7 10 12 13 16 17 18 20 21 27 | 27.0
Conjurations   | 8 11 13 14 17 18 20 21 23 27 | 27.0
Hexes          | 8 11 13 14 17 18 20 21 23 27 | 27.0
Summonings     | 8 11 13 14 17 18 20 21 23 27 | 27.0
Necromancy     | 9 12 15 16 18 20 22 23 25 27 | 27.0
Translocations | 7 10 12 13 16 17 18 20 21 26 | 26.7
Transmutations | 7 10 12 13 16 17 18 20 21 26 | 26.7
Fire Magic     | 7 10 12 13 16 17 18 20 21 26 | 26.9
Ice Magic      | 7 10 12 13 16 17 19 20 21 27 | 27.0
Air Magic      | 7 10 12 13 16 17 18 20 21 26 | 26.9
Earth Magic    | 7 10 12 13 16 17 18 20 21 27 | 27.0
Poison Magic   | 8 11 13 14 17 18 20 21 23 27 | 27.0
Invocations    | 11 14 17 18 21 23 25 27 | 27.0
Evocations     | 8 11 13 14 17 18 20 21 23 27 | 27.0

Action                   |  1- 3 |  4- 6 |  7- 9 | 10-12 | 13-15 | 16-18 | 19-21 | 22-24 | 25-27 || total
-------------------------+-------+-------+-------+-------+-------+-------+-------+-------+-------++-------
Melee: Executioner's axe |     1 |       |       |     2 |     6 |     6 |    10 |    15 |    24 ||    64
 Stab: Distracted        |       |       |       |       |       |     1 |       |       |       ||     1
Dodge: Dodged            |       |       |       |       |       |       |     1 |     1 |     2 ||     4

Table legend: (Time is in decaauts)
 A = Elapsed time spent in this place.
 B = Non-inter-level travel time spent in this place.
 C = Inter-level travel time spent in this place.
 D = Time resting spent in this place.
 E = Time spent auto-exploring this place.
 F = Levels seen in this place.
 G = Mean time per level.
                   A        B        C        D        E       F      G
               +--------+--------+--------+--------+--------+-----+--------+
         Total |     73 |     73 |      0 |      0 |      0 |   1 |   73.0 |
       Dungeon |     73 |     73 |      0 |      0 |      0 |   1 |   73.0 |
               +--------+--------+--------+--------+--------+-----+--------+

Top non-repeatable levels by time:
       D: 73 daAuts
